 Dungeon Sprint DCSS version 0.30.1 (webtiles) character file.

Game seed: 5496018098258289109

54 boopmooplesden the Fighter (level 8, 0/83 HPs)
             Began as a Pale Draconian Berserker on July 8, 2023.
             Was an Elder of Trog.
             Slain by a red devil
             ... wielding a +0 trident
              (22 damage)
             ... in the Dungeon (Sprint VI: "Thunderdome").
             The game lasted 00:01:37 (381 turns).

boopmooplesden the Fighter (DrBe)                    Turns: 381, Time: 00:01:37

Health: 0/83       AC: -2    Str: 19    XL:     8   Next: 13%
Magic:  17/17      EV: 17    Int: 12    God:    Trog [****..]
Gold:   145        SH:  5    Dex: 16    Spells: 7/7 levels left

rFire   x . .        a - +0 spear
rCold   + . .        (no shield)
rNeg    . . .        (body armour unavailable)
rPois   +            (helmet restricted)
rElec   .            (no cloak)
rCorr   .            (no gloves)
SInv    +            (no boots)
Will    ++...        n - amulet "Kosah" {Reflect +Inv rPois rF- SH+5 SInv}
Stlth   +            m - ring "Puyn" {rC+ Str-3 Int+4 Dex+6 SInv}
HPRegen 1.33/turn    l - ring of Fifuxzab {MP+9 SInv}
MPRegen 0.15/turn

%: no teleportation, reflection
@: short of breath, strong-willed, spiked, corroded, on berserk cooldown,
regenerating, slowed, very slow
A: breathe steam, AC +6, unfitting armour, cold-blooded, steam resistance
a: Breathe Steam, Renounce Religion, Evoke Invisibility, Berserk, Trog's Hand,
Brothers in Arms


You were in the Dungeon.
You worshipped Trog.
Trog was greatly pleased with you.
You visited 1 branch You collected 280 gold pieces.
You spent 135 gold pieces at shops.

Inventory:

Hand Weapons
 a - a +0 spear (weapon)
Jewellery
 l - the ring of Fifuxzab (right hand) {MP+9 SInv}
   (You bought it in a shop in the Dungeon)

   [ring of see invisible]

   MP:        It affects your magic capacity (+9).
   SInv:      It lets you see invisible.
 m - the ring "Puyn" (left hand) {rC+ Str-3 Int+4 Dex+6 SInv}
   (You bought it in a shop in the Dungeon)

   [ring of protection from cold]

   Str:       It affects your strength (-3).
   Int:       It affects your intelligence (+4).
   Dex:       It affects your dexterity (+6).
   rC:        It protects you from cold.
   SInv:      It lets you see invisible.
 n - the amulet "Kosah" (around neck) {Reflect +Inv rPois rF- SH+5 SInv}
   (You bought it in a shop in the Dungeon)

   [amulet of reflection]

   It reflects blocked missile attacks.
   rF:        It makes you vulnerable to fire.
   rPois:     It protects you from poison.
   SInv:      It lets you see invisible.
   +Inv:      It lets you turn invisible.
   SH:        It affects your SH (+5).
Wands
 i - a wand of acid (5)
 j - a wand of iceblast (5)
Scrolls
 g - 4 scrolls of blinking
 k - 3 scrolls of fog
Potions
 b - a potion of curing
 c - 3 potions of heal wounds
 d - 4 potions of haste
 e - 2 potions of magic
 f - a potion of berserk rage
 h - a potion of resistance


   Skills:
 + Level 11.8 Fighting
 + Level 11.6 Polearms
 + Level 8.9 Dodging
 + Level 2.5 Shields


You had 7 spell levels left.
You didn't know any spells.
Your spell library was empty.

Dungeon Overview and Level Annotations

Branches:
Dungeon (1/1)

Altars:
Cheibriados
Dithmenos
Fedhas
Gozag
Kikubaaqudgha
Makhleb
Okawaru
Qazlal
Ru
Sif Muna
Trog
Uskayaw
Vehumet
Wu Jian
Xom
Yredelemnul
Zin
The Shining One
Lugonu

Shops:
D *[??*?*:[((!!!!


Innate Abilities, Weirdness & Mutations

You can breathe blasts of scalding, opaque steam.
Your pale cyan-grey scales are hard. (AC +6)
You cannot fit into any form of body armour.
You are cold-blooded and may be slowed by cold attacks.
You are immune to the effects of steam.


Message History

You tail-slap the rust devil, but do no damage.
The rust devil is almost dead.
You hit the rust devil. You tail-slap the rust devil.
You kill the rust devil!
Trog accepts your kill.
You are no longer berserk.
You are exhausted.
You feel yourself slow down. The red devil closely misses you.
Your Polearms skill increases to level 11!
You have reached level 8!
You feel stronger.
Aiming: Breathe Steam (1% risk of failure)
Press: ? - help, Shift-Dir - straight line, f - red devil
Aim: a red devil, wielding a +0 trident (60% to hit)
You exhale a blast of scalding steam.
The ball of steam misses the red devil.
You block the red devil's attack.
Unknown command.
The barbs in your skin will harm you if you move.
Continue?
Okay, then.
The barbs in your skin will harm you if you move.
Continue?
The barbed spikes dig painfully into your body as you move.
The red devil hits you with a +0 trident!
Barbed spikes become lodged in your body.
The red devil hits you with a +0 trident!!
Barbed spikes become lodged in your body.
There is a staircase leading out of the dungeon, spattered with blood here.
Okay, then.
You feel much better. The red devil barely misses you.
Your skin crawls.
You feel strong-willed.
The hellwing swoops through the air toward you!
The hellwing closely misses you. The hellwing hits you!
The red devil hits you with a +0 trident!
Barbed spikes become lodged in your body.
You block the hellwing's attack. x2; The red devil misses you.
Your two-headed ogre goes berserk!
The hellwing hits you. The hellwing hits you!
* * * LOW HITPOINT WARNING * * *
The red devil hits you with a +0 trident!!
You die...

#_......._# ###.........###
#⌠........†..⌠#
######.8.........8.######
##.___......###......._.∩##
###∩........8.# #.8........∩###
##........÷..†.###...†.........##
#⌠..........###..4###..........⌠#
#⌠..........# #.@.# #..........⌠#
#⌠..........###.O4###..........⌠#
##.............###.............##
###∩.......†8.# #.8........∩###
##∩___......###......_._∩##
######.8.........8.######
#⌠...........⌠# ###.........###
#_......._#


You could see a hellwing (ally target), a red devil and a friendly two-headed
ogre (summoned, berserk).

Vanquished Creatures
  2 rust devils (D)
  An ice devil (D)
  A water moccasin (D)
  Pargi (D)
  A river rat (D)
  3 adders (D)
  2 quokkas (D)
  2 ball pythons (D)
  A rat (D)
14 creatures vanquished.

Notes
Turn   | Place    | Note
-------+----------+-------------------------------------------
     0 | D        | boopmooplesden the Draconian Berserker began the quest for
                  | the Orb.
     0 | D        | Reached XP level 1. HP: 19/19 MP: 1/1
     3 | D        | Found an ornate altar of the Wu Jian Council.
     3 | D        | Found a glowing golden altar of the Shining One.
     4 | D        | Found a bloodstained altar of Trog.
     5 | D        | Found an iron altar of Okawaru.
     5 | D        | Found a hide-covered altar of Uskayaw.
     5 | D        | Round 1.
     6 | D        | Found a blossoming altar of Fedhas.
     6 | D        | Found Aggamnion's Identification Station.
     7 | D        | Noticed Pargi
     7 | D        | Found Roemn's Jewellery.
     7 | D        | Found Vaceomaq's Advanced Armour.
    17 | D        | Killed Pargi
    18 | D        | Reached skill level 5 in Polearms
    18 | D        | Reached skill level 5 in Dodging
    18 | D        | Reached XP level 2. HP: 20/31 MP: 2/2
    18 | D        | Reached XP level 3. HP: 25/38 MP: 3/3
    18 | D        | Reached XP level 4. HP: 30/45 MP: 4/4
    21 | D        | Bought a vibrating copper ring for 45 gold pieces
    21 | D        | Identified the ring of Fifuxzab {MP+9 SInv} (You bought it
                  | in a shop in the Dungeon)
    21 | D        | Bought a twitching marble ring for 45 gold pieces
    21 | D        | Identified the ring "Puyn" {rC+ Str-3 Int+4 Dex+6 SInv}
                  | (You bought it in a shop in the Dungeon)
    21 | D        | Bought a flickering silver amulet for 45 gold pieces
    21 | D        | Identified the amulet "Kosah" {Reflect +Inv rPois rF- SH+5
                  | SInv} (You bought it in a shop in the Dungeon)
    31 | D        | Found a basalt altar of Yredelemnul.
    32 | D        | Found an opulent altar of Gozag.
    46 | D        | Found a corrupted altar of Lugonu.
    47 | D        | Found Qikug's Premium Goods.
    48 | D        | Found Vak Bosh's Miscellaneous Merchandise.
    48 | D        | Found Bymogo's Basic Armour.
    49 | D        | Found a shimmering altar of Xom.
    49 | D        | Found a shimmering blue altar of Sif Muna.
    49 | D        | Found a stormy altar of Qazlal.
    49 | D        | Found Alewk's Weapon Rack.
    53 | D        | Found a radiant altar of Vehumet.
    55 | D        | Found a sacrificial altar of Ru.
    56 | D        | Found Idwyrecs's Do-It-Yourself Clinic.
    57 | D        | Found Hoahuqenk's Bottled Wisdom.
    57 | D        | Found Xioc's Distillery.
    58 | D        | Found a shadowy altar of Dithmenos.
    58 | D        | Found Nolletos's Distillery.
    62 | D        | Found a snail-covered altar of Cheibriados.
    66 | D        | Found a burning altar of Makhleb.
    67 | D        | Found an ancient bone altar of Kikubaaqudgha.
    68 | D        | Found Zebiampae's Staff Store.
    69 | D        | Found a glowing silver altar of Zin.
    69 | D        | Found Raash's Magic Scroll Shop.
    69 | D        | Found Iqorr's Must-Have Magic.
    69 | D        | Found Wasem's Magic Scroll Shop.
    80 | D        | Reached ** piety under Trog
   141 | D        | Arena points: 12 (+12) [x2]
   201 | D        | Round 2.
   263 | D        | Reached *** piety under Trog
   275 | D        | Noticed a water moccasin
   284 | D        | Killed a water moccasin
   285 | D        | Reached XP level 5. HP: 53/53 MP: 5/5
   293 | D        | Arena points: 54 (+42) [x3]
   334 | D        | Round 3.
   335 | D        | Noticed an ice devil
   335 | D        | Noticed a rust devil
   335 | D        | Noticed a rust devil
   350 | D        | Killed a rust devil
   350 | D        | Reached **** piety under Trog
   351 | D        | Reached skill level 10 in Fighting
   351 | D        | Reached skill level 1 in Shields
   351 | D        | Reached XP level 6. HP: 66/66 MP: 6/6
   351 | D        | Your scales start taking on a pale cyan-grey colour.
   351 | D        | Reached XP level 7. HP: 72/72 MP: 7/7
   351 | D        | Gained mutation: You are immune to the effects of steam.
                  | [Pale Draconian growth]
   355 | D        | Noticed a red devil
   361 | D        | Killed an ice devil
   362 | D        | Reached skill level 10 in Polearms
   371 | D        | Noticed a hellwing
   376 | D        | Killed a rust devil
   377 | D        | Reached XP level 8. HP: 57/83 MP: 8/8
   381 | D        | Slain by a red devil

Illustrated notes

Levels and vault maps discovered:
D:        arena_sprint

Skill      XL: |  1  2  3  4  5  6  7 |
---------------+----------------------+-----
Fighting       | 6 8 10 11 | 11.8
Polearms       | 5 7 9 11 | 11.6
Dodging        | 5 6 7 8 |  8.9
Shields        | 1 2 |  2.5

Action                     |  1- 3 |  4- 6 |  7- 9 || total
---------------------------+-------+-------+-------++-------
  Melee: Spear             |     5 |    42 |    25 ||    72
         Tailslap          |     1 |    10 |     6 ||    17
         Punch             |       |       |     1 ||     1
 Invoke: Berserk           |     1 |     2 |       ||     3
         Trog's Hand       |       |       |     1 ||     1
         Brothers in Arms  |       |       |     1 ||     1
Ability: Breathe Steam     |       |       |     1 ||     1
    Use: Potion            |       |       |     1 ||     1
 Armour: Skin              |     4 |     9 |     1 ||    14
  Dodge: Dodged            |     3 |    15 |     7 ||    25
  Block: Other             |       |     8 |     5 ||    13
